 Dungeon Crawl Stone Soup version 0.30.0-29-ga12c61a403 (webtiles) character file.

Game seed: 13805301482269278502

6027 qw the Cleaver (level 10, -8/64 HPs)
             Began as a Gargoyle Fighter on June 4, 2023.
             Was a Priest of Okawaru.
             Mangled by a sun demon (15 damage)
             ... on level 10 of the Dungeon.
             The game lasted 00:04:07 (8411 turns).

qw the Cleaver (Gargoyle Fighter)                   Turns: 8411, Time: 00:04:08

Health: -8/64      AC: 35    Str: 25    XL:     10   Next: 86%
Magic:  13/13      EV:  9    Int:  8    God:    Okawaru [***...]
Gold:   297        SH:  6    Dex:  9    Spells: 9/9 levels left

rFire   . . .        Y - +1 war axe (flame)
rCold   . . .        c - +0 buckler
rNeg    + . .        v - +0 plate armour
rPois   inf          f - +2 helmet
rElec   +            j - +0 cloak
rCorr   .            l - +2 pair of gloves
SInv    .            (no boots)
Will    .....        (no amulet) Stlth
                     g - +4 ring of slaying {mikee}
HPRegen 0.30/turn    h - +4 ring of protection
MPRegen 0.13/turn

%: no passive effects
@: heroic, spiked
A: sickness immunity, AC +7, negative energy resistance 1, electricity
resistance, torment resistance 1, petrification resistance
a: Renounce Religion, Heroism


You were on level 10 of the Dungeon.
You worshipped Okawaru.
Okawaru was most pleased with you.
You visited 2 branches of the dungeon, and saw 11 of its levels.
You also visited: Ossuary.

You collected 514 gold pieces.
You spent 217 gold pieces at shops.


Innate Abilities, Weirdness & Mutations

You are immune to sickness and miasma.
Your stone body is resilient. (AC +7)
You are immune to poison.
You resist negative energy. (rN+)
You are resistant to electric shocks. (rElec)
You are resistant to unholy torment.
You are immune to petrification.


   Skills:
 - Level 8.3(13.3) Fighting
 + Level 10.5(15.5) Axes
 - Level 3.2(8.2) Throwing
 - Level 7.0(12.0) Armour
 - Level 1.0(6.0) Dodging
 - Level 5.6(10.6) Shields
 - Level 4.0 Invocations


You had 9 spell levels left.
You didn't know any spells.
Your spell library was empty.

Inventory:

Hand Weapons
 Y - a +1 war axe of flaming (weapon)
Missiles
 k - 2 boomerangs
 r - a javelin (quivered)
Armour
 c - a +0 buckler (worn)
 f - a +2 helmet (worn)
 j - a +0 cloak (worn)
 l - a +2 pair of gloves (worn)
 v - a +0 plate armour (worn)
Jewellery
 g - a +4 ring of slaying (left hand) {mikee}
 h - a +4 ring of protection (right hand)
 n - a ring of protection from cold
 p - a ring of fire
Scrolls
 b - 3 scrolls of identify
Potions
 a - 2 potions of attraction
 d - 8 potions of might
 e - 2 potions of magic
 i - 3 potions of haste
 o - 3 potions of lignification
 q - 4 potions of curing
 s - a potion of resistance

Dungeon Overview and Level Annotations

Branches:
Dungeon (10/15)            Temple (1/1) D:4         Ossuary (visited)
   Lair: D:8-11         Orc: D:9-12

Altars:
Ashenzari
Cheibriados
Dithmenos
Elyvilon
Gozag
Hepliaklqana
Kikubaaqudgha
Makhleb
Nemelex Xobeh
Okawaru
Qazlal
Ru
Sif Muna
Trog
Uskayaw
Vehumet
Wu Jian
Xom
Yredelemnul
Zin
The Shining One

Shops:
D:3 [   D:8 *

Annotations:
D:3 3 runed translucent doors, qw's ghost, amateur GrFi
D:5 1 runed translucent door, Crazy Yiuf


Message History

The red devil hits you but does no damage.
A ynoxinul comes into view.
You closely miss the sun demon.
The sun demon is severely wounded.
The ynoxinul bellows!
The sun demon hits you but does no damage.
You closely miss the sun demon.
The sun demon is severely wounded.
You closely miss the sun demon.
The red devil hits you but does no damage.
The sun demon hits you.
You are engulfed in flames!
You block the sun demon's attack.
8408 ||| DRINKING potion of heal wounds.
You feel much better.
The sun demon hits you but does no damage.
The red devil closely misses you.
The hellwing hits you but does no damage. x2
The sun demon hits you.
You are engulfed in flames!!
You hit the sun demon but do no damage.
The sun demon is heavily wounded.
You hit the sun demon but do no damage. You slash the hellwing!
You burn the hellwing.
The sun demon hits you but does no damage.
The red devil hits you from afar with a +0 trident.
Barbed spikes become lodged in your body.
The ynoxinul gestures.
The hellwing barely misses you. x2
The sun demon hits you but does no damage.
You hit the sun demon.
The sun demon is severely wounded.
You barely miss the sun demon. You slash the hellwing! You burn the hellwing.
The sun demon closely misses you. The hellwing misses you.
The hellwing hits you but does no damage.
You block the red devil's attack.
The ynoxinul gestures.
You slash the sun demon!
The sun demon is almost dead.
You closely miss the hellwing. You completely miss the sun demon.
The sun demon barely misses you. The sun demon hits you!
You die...

#P~~~.7# ~~~7#
#~~(~~~# ~.~..
#.5.~~.#
7...###P35...#
#.....5...#
+....5.^..#
#..4..<.$.#
#...4335..#
#....@....#
#######+###


You could see 2 sun demons, a hellwing, a ynoxinul, a red devil and 5 ufetubi.

Vanquished Creatures
  A centaur warrior (D:8)
  A two-headed ogre (D:8)
  Pikel (D:7)
  A hornet (D:8)
  A wyvern (D:8)
  A yak (D:8)
  A steam dragon (D:6)
  A chaos spawn (D:10)
  Menkaure (D:6)
  A water moccasin (D:7)
  A black bear (D:5)
  2 ogres (D:6)
  3 orc warriors
  3 ice beasts
  2 sky beasts
  4 centaurs
  3 lemures (D:7)
  4 bullfrogs
  An elf zombie (Ossuary)
  2 kobold brigands
  A gnoll sergeant (D:8)
  A scorpion (D:6)
  3 wights (D:8)
  6 howler monkeys
  2 electric eels (D:9)
  A centaur zombie (Ossuary)
  A gnoll bouda (D:7)
  A human zombie (Ossuary)
  7 orc priests
  4 hounds
  2 jellies
  3 sleepcaps
  3 iguanas
  5 orc wizards
  2 mummies (Ossuary)
  Robin (D:2)
  6 gnolls
  6 adders
  4 shadow imps
  A white imp (D:6)
  2 ufetubi
  An adder zombie (Ossuary)
  3 worms
  2 dart slugs
  23 orcs
  4 endoplasms
  14 goblins
  4 hobgoblins
  2 jackals (D:2)
  9 kobolds
  4 quokkas
  4 ball pythons
  3 goblin zombies
  13 hobgoblin zombies (Ossuary)
  12 kobold zombies (Ossuary)
  6 orc zombies (Ossuary)
  4 rats
  A rat zombie (D:5)
206 creatures vanquished.

Vanquished Creatures (others)
  A jelly (D:6)
1 creature vanquished.

Grand Total: 207 creatures vanquished

Notes
Turn   | Place    | Note
-------+----------+-------------------------------------------
     0 | D:1      | qw the Gargoyle Fighter began the quest for the Orb.
     0 | D:1      | Reached XP level 1. HP: 14/14 MP: 1/1
     0 | D:1      | 0 ||| qw: Version: 0.2-a-107-g4668610
     0 | D:1      | 0 ||| qw: Game counter: 1316
     0 | D:1      | 0 ||| qw: Always use a shield: true
     0 | D:1      | 0 ||| qw: God list: Okawaru
     0 | D:1      | 0 ||| qw: Allow faded altars: false
     0 | D:1      | 0 ||| qw: Do Orc after D:15 true
     0 | D:1      | 0 ||| qw: Do second Lair branch before Depths: true
     0 | D:1      | 0 ||| qw: Lair rune preference: random
     0 | D:1      | 0 ||| qw: Plans: Normal, Zot:1-4, Slime:5, God:TSO, Crypt,
                  | Tomb, Abyss, Pan, Hells, Win
     0 | D:1      | 0 ||| PLANNING D:1-11
   224 | D:1      | Reached skill level 2 in Axes
   569 | D:1      | Reached XP level 2. HP: 15/19 MP: 2/2
   650 | D:1      | 650 ||| UPGRADING to +0 helmet.
   655 | D:1      | 655 ||| UPGRADING to +0 cloak.
   660 | D:1      | 660 ||| DROPPING ring of magical power.
   661 | D:1      | 661 ||| READING scroll labelled VUDODYL FA VUO.
   662 | D:1      | 662 ||| READING scroll labelled LUICIP TIOZ WOC.
   663 | D:1      | 663 ||| READING scroll labelled KIXY PUEDD.
   664 | D:1      | 664 ||| READING scroll labelled ZUAR QAOCS.
   665 | D:1      | 665 ||| READING 2 scrolls labelled COMPAUZOHI.
   666 | D:1      | 666 ||| DROPPING scroll of fog.
   849 | D:2      | 849 ||| Stepping ~*~*~tactically~*~*~ (stealth).
   854 | D:2      | Reached skill level 3 in Axes
   872 | D:2      | Reached XP level 3. HP: 23/23 MP: 3/3
   875 | D:2      | Noticed Robin
   886 | D:2      | Killed Robin
   976 | D:2      | 976 ||| Stepping ~*~*~tactically~*~*~ (hiding).
  1154 | D:2      | 1154 ||| Stepping ~*~*~tactically~*~*~ (stealth).
  1168 | D:2      | Reached XP level 4. HP: 27/28 MP: 4/4
  1213 | D:2      | 1213 ||| UPGRADING to +1 helmet.
  1223 | D:2      | 1223 ||| DROPPING orb of wrath.
  1224 | D:2      | 1224 ||| DROPPING +0 helmet.
  1225 | D:2      | 1225 ||| READING scroll labelled PAXIOG UNIAKA.
  1277 | D:3      | Noticed qw's ghost (amateur GrFi)
  1279 | D:3      | Found a runed translucent gate.
  1279 | D:3      | Found a runed translucent gate.
  1279 | D:3      | Found a runed translucent gate.
  1280 | D:3      | Noticed an orc warrior
  1299 | D:3      | Found Noskux's Armour Emporium.
  1307 | D:3      | 1307 ||| BUYING +0 chain mail (49 gold).
  1307 | D:3      | Bought a +0 chain mail for 49 gold pieces
  1307 | D:3      | 1307 ||| SHOPLISTING +0 plate armour (253 gold, have 47).
  1307 | D:3      | 1307 ||| SHOPLISTING +2 helmet of Absence {Harm *Slow
                  | Regen+ Str+6 Dex+2} (359 gold, have 47).
  1471 | D:3      | Reached skill level 4 in Axes
  1475 | D:3      | Reached XP level 5. HP: 22/32 MP: 5/5
  1536 | D:3      | Found a sparkling altar of Nemelex Xobeh.
  1545 | D:3      | Found a basalt altar of Yredelemnul.
  2159 | D:3      | 2159 ||| UPGRADING to +0 chain mail.
  2169 | D:3      | 2169 ||| DROPPING +0 scale mail.
  2170 | D:3      | 2170 ||| UPGRADING to +0 pair of gloves.
  2175 | D:3      | 2175 ||| DROPPING +1 hat.
  2176 | D:3      | 2176 ||| READING 2 scrolls labelled XYOPEA NAKH.
  2177 | D:3      | 2177 ||| READING scroll labelled IQEMUMN BAUNEU.
  2178 | D:3      | 2178 ||| DRINKING 2 fizzy dark potions.
  2179 | D:3      | 2179 ||| DRINKING 2 yellow potions.
  2180 | D:3      | 2180 ||| DROPPING scroll of magic mapping.
  2229 | D:4      | Found a staircase to the Ecumenical Temple.
  2230 | D:4      | 2230 ||| PLANNING TEMPLE
  2235 | Temple   | Entered the Ecumenical Temple
  2235 | Temple   | Found a transporter.
  2235 | Temple   | Found a transporter.
  2237 | Temple   | Found a transporter.
  2237 | Temple   | Found a transporter.
  2247 | Temple   | 2247 ||| PLANNING D:1-11
  2262 | Temple   | 2262 ||| PLANNING OKAWARU WORSHIP
  2269 | Temple   | Became a worshipper of Warmaster Okawaru
  2269 | Temple   | 2269 ||| PLANNING D:1-11
  2423 | D:4      | 2423 ||| FLEEEEING.
  2424 | D:4      | 2424 ||| FLEEEEING.
  2425 | D:4      | 2425 ||| FLEEEEING.
  2426 | D:4      | 2426 ||| FLEEEEING.
  2427 | D:4      | 2427 ||| FLEEEEING.
  2428 | D:4      | 2428 ||| FLEEEEING.
  2429 | D:4      | 2429 ||| FLEEEEING.
  2430 | D:4      | 2430 ||| FLEEEEING.
  2431 | D:4      | 2431 ||| FLEEEEING.
  2432 | D:4      | 2432 ||| FLEEEEING.
  2433 | D:4      | 2433 ||| FLEEEEING.
  2434 | D:4      | 2434 ||| FLEEEEING.
  2436 | D:4      | 2436 ||| FLEEEEING.
  2437 | D:4      | 2437 ||| FLEEEEING.
  2438 | D:4      | 2438 ||| STAIRDANCE
  2513 | D:3      | 2513 ||| READING scroll labelled DABAOS JASOWU.
  2550 | D:4      | 2550 ||| Stepping ~*~*~tactically~*~*~ (stealth).
  2687 | D:4      | 2687 ||| Stepping ~*~*~tactically~*~*~ (stealth).
  2688 | D:4      | 2688 ||| Stepping ~*~*~tactically~*~*~ (stealth).
  2691 | D:4      | 2691 ||| Stepping ~*~*~tactically~*~*~ (hiding).
  2695 | D:4      | Reached skill level 5 in Axes
  2698 | D:4      | 2698 ||| Stepping ~*~*~tactically~*~*~ (stealth).
  2699 | D:4      | 2699 ||| Stepping ~*~*~tactically~*~*~ (stealth).
  2700 | D:4      | 2700 ||| Stepping ~*~*~tactically~*~*~ (stealth).
  2701 | D:4      | 2701 ||| Stepping ~*~*~tactically~*~*~ (stealth).
  2773 | D:4      | 2773 ||| Stepping ~*~*~tactically~*~*~ (stealth).
  2774 | D:4      | 2774 ||| Stepping ~*~*~tactically~*~*~ (stealth).
  2775 | D:4      | 2775 ||| DROPPING +0 mace.
  2861 | D:4      | 2861 ||| FLEEEEING.
  2938 | D:4      | 2938 ||| READING 3 scrolls of identify.
  2938 | D:4      | 2938 ||| IDENTIFYING bubbling white potion
  2939 | D:4      | 2939 ||| READING 2 scrolls of identify.
  2939 | D:4      | 2939 ||| IDENTIFYING purple potion
  2940 | D:4      | 2940 ||| DROPPING potion of flight.
  2960 | D:5      | Entered Level 5 of the Dungeon
  2961 | D:5      | 2961 ||| PLANNING OSSUARY
  3071 | D:5      | Reached XP level 6. HP: 33/38 MP: 6/6
  3115 | D:5      | 3115 ||| Stepping ~*~*~tactically~*~*~ (hiding).
  3118 | D:5      | 3118 ||| Stepping ~*~*~tactically~*~*~ (hiding).
  3125 | D:5      | Noticed an ice beast
  3129 | D:5      | Killed an ice beast
  3144 | D:5      | 3144 ||| READING scroll of enchant armour.
  3144 | D:5      | 3144 ||| ENCHANTING +0 pair of gloves.
  3176 | D:5      | Noticed a black bear
  3185 | D:5      | Killed a black bear
  3186 | D:5      | Reached skill level 6 in Axes
  3259 | D:5      | Reached * piety under Okawaru
  3260 | D:5      | Reached XP level 7. HP: 43/43 MP: 7/7
  3316 | D:5      | Found a sand-covered staircase.
  3317 | D:5      | 3317 ||| DROPPING +4 ring mail.
  3318 | D:5      | 3318 ||| READING 2 scrolls of identify.
  3318 | D:5      | 3318 ||| IDENTIFYING amethyst potion
  3330 | Ossuary  | Entered an ossuary
  3392 | Ossuary  | Reached skill level 1 in Dodging
  3447 | Ossuary  | Reached skill level 1 in Invocations
  3512 | Ossuary  | 3512 ||| INVOKING Heroism.
  3643 | Ossuary  | 3643 ||| READING 2 scrolls labelled QODODOPRICICU.
  3644 | Ossuary  | 3644 ||| READING scroll of brand weapon.
  3644 | Ossuary  | 3644 ||| BRANDING +1 war axe of draining.
  3645 | Ossuary  | 3645 ||| DROPPING +0 flail.
  3646 | Ossuary  | 3646 ||| DRINKING 2 glowing brown potions.
  3647 | Ossuary  | 3647 ||| DROPPING potion of invisibility.
  3661 | D:5      | 3661 ||| PLANNING D:1-11
  3681 | D:5      | 3681 ||| Stepping ~*~*~tactically~*~*~ (stealth).
  3683 | D:5      | 3683 ||| Stepping ~*~*~tactically~*~*~ (stealth).
  3684 | D:5      | 3684 ||| Stepping ~*~*~tactically~*~*~ (stealth).
  3685 | D:5      | 3685 ||| Stepping ~*~*~tactically~*~*~ (stealth).
  3686 | D:5      | 3686 ||| Stepping ~*~*~tactically~*~*~ (stealth).
  3789 | D:5      | Found an opulent altar of Gozag.
  3977 | D:5      | Found a runed translucent door.
  3978 | D:5      | Noticed Crazy Yiuf
  4266 | D:5      | 4266 ||| READING 2 scrolls of identify.
  4266 | D:5      | 4266 ||| IDENTIFYING pink potion
  4267 | D:5      | 4267 ||| DROPPING potion of degeneration.
  4310 | D:6      | Noticed a steam dragon
  4311 | D:6      | 4311 ||| Stepping ~*~*~tactically~*~*~ (hiding).
  4312 | D:6      | 4312 ||| Stepping ~*~*~tactically~*~*~ (hiding).
  4313 | D:6      | 4313 ||| INVOKING Heroism.
  4323 | D:6      | Reached skill level 3 in Invocations
  4323 | D:6      | Killed a steam dragon
  4324 | D:6      | Reached skill level 7 in Axes
  4324 | D:6      | Reached XP level 8. HP: 17/48 MP: 7/11
  4324 | D:6      | 4324 ||| Stepping ~*~*~tactically~*~*~ (cloud).
  4330 | D:6      | 4330 ||| FLEEEEING.
  4331 | D:6      | 4331 ||| FLEEEEING.
  4332 | D:6      | 4332 ||| STAIRDANCE
  4517 | D:6      | 4517 ||| INVOKING Heroism.
  4540 | D:6      | 4540 ||| Stepping ~*~*~tactically~*~*~ (stealth).
  4554 | D:6      | 4554 ||| Stepping ~*~*~tactically~*~*~ (stealth).
  4555 | D:6      | 4555 ||| INVOKING Heroism.
  4597 | D:6      | 4597 ||| Stepping ~*~*~tactically~*~*~ (stealth).
  4631 | D:6      | 4631 ||| INVOKING Heroism.
  4711 | D:6      | 4711 ||| READING scroll of enchant armour.
  4711 | D:6      | 4711 ||| ENCHANTING +1 pair of gloves.
  4757 | D:6      | 4757 ||| Stepping ~*~*~tactically~*~*~ (stealth).
  4759 | D:6      | 4759 ||| Stepping ~*~*~tactically~*~*~ (hiding).
  4763 | D:6      | 4763 ||| INVOKING Heroism.
  4775 | D:6      | 4775 ||| Stepping ~*~*~tactically~*~*~ (stealth).
  4776 | D:6      | 4776 ||| Stepping ~*~*~tactically~*~*~ (stealth).
  4779 | D:6      | 4779 ||| Stepping ~*~*~tactically~*~*~ (stealth).
  4781 | D:6      | 4781 ||| Stepping ~*~*~tactically~*~*~ (stealth).
  4784 | D:6      | 4784 ||| Stepping ~*~*~tactically~*~*~ (stealth).
  4791 | D:6      | Reached skill level 8 in Axes
  4791 | D:6      | 4791 ||| Stepping ~*~*~tactically~*~*~ (hiding).
  4793 | D:6      | 4793 ||| Stepping ~*~*~tactically~*~*~ (hiding).
  4794 | D:6      | 4794 ||| INVOKING Heroism.
  4795 | D:6      | 4795 ||| Stepping ~*~*~tactically~*~*~ (hiding).
  4799 | D:6      | 4799 ||| Stepping ~*~*~tactically~*~*~ (hiding).
  4800 | D:6      | 4800 ||| Stepping ~*~*~tactically~*~*~ (hiding).
  4902 | D:6      | Noticed Menkaure
  4903 | D:6      | 4903 ||| Stepping ~*~*~tactically~*~*~ (hiding).
  4905 | D:6      | 4905 ||| Stepping ~*~*~tactically~*~*~ (hiding).
  4909 | D:6      | 4909 ||| INVOKING Heroism.
  4913 | D:6      | Killed Menkaure
  4914 | D:6      | Reached skill level 6 in Fighting
  4914 | D:6      | Reached XP level 9. HP: 45/55 MP: 9/12
  4935 | D:6      | 4935 ||| Stepping ~*~*~tactically~*~*~ (stealth).
  5179 | D:6      | Reached skill level 1 in Throwing
  5218 | D:6      | 5218 ||| READING scroll labelled CIOGIG ORE.
  5219 | D:6      | 5219 ||| READING scroll labelled MAT XYANKOWUF.
  5220 | D:6      | 5220 ||| DRINKING 4 viscous blue potions.
  5221 | D:6      | 5221 ||| READING 2 scrolls of identify.
  5221 | D:6      | 5221 ||| IDENTIFYING sedimented green potion
  5222 | D:6      | 5222 ||| DROPPING potion of brilliance.
  5379 | D:7      | 5379 ||| Stepping ~*~*~tactically~*~*~ (stealth).
  5399 | D:7      | Reached ** piety under Okawaru
  5419 | D:7      | 5419 ||| READING scroll of enchant armour.
  5419 | D:7      | 5419 ||| ENCHANTING +1 helmet.
  5485 | D:7      | 5485 ||| Stepping ~*~*~tactically~*~*~ (stealth).
  5487 | D:7      | 5487 ||| Stepping ~*~*~tactically~*~*~ (hiding).
  5489 | D:7      | 5489 ||| INVOKING Heroism.
  5553 | D:7      | Reached skill level 9 in Axes
  5599 | D:7      | Found an ornate altar of the Wu Jian Council.
  5604 | D:7      | Noticed Pikel
  5605 | D:7      | 5605 ||| Stepping ~*~*~tactically~*~*~ (stealth).
  5631 | D:7      | 5631 ||| INVOKING Heroism.
  5639 | D:7      | Killed Pikel
  5745 | D:7      | 5745 ||| Stepping ~*~*~tactically~*~*~ (hiding).
  6130 | D:7      | 6130 ||| UPGRADING to +4 ring of slaying {mikee}.
  6131 | D:7      | 6131 ||| READING 2 scrolls of identify.
  6131 | D:7      | 6131 ||| IDENTIFYING fizzy clear potion
  6132 | D:7      | 6132 ||| DROPPING potion of ambrosia.
  6257 | D:8      | Noticed a hornet
  6258 | D:8      | 6258 ||| Stepping ~*~*~tactically~*~*~ (stealth).
  6261 | D:8      | 6261 ||| INVOKING Heroism.
  6265 | D:8      | Killed a hornet
  6437 | D:8      | Found Ecwull's General Store.
  6446 | D:8      | 6446 ||| BUYING potion of might (48 gold).
  6446 | D:8      | Bought a potion of might for 48 gold pieces
  6446 | D:8      | 6446 ||| BUYING potion of might (48 gold).
  6446 | D:8      | Bought a potion of might for 48 gold pieces
  6446 | D:8      | 6446 ||| BUYING potion of might (48 gold).
  6446 | D:8      | Bought a potion of might for 48 gold pieces
  6446 | D:8      | 6446 ||| BUYING scroll of identify (24 gold).
  6446 | D:8      | Bought a scroll of identify for 24 gold pieces
  6621 | D:8      | 6621 ||| Stepping ~*~*~tactically~*~*~ (stealth).
  6624 | D:8      | 6624 ||| Stepping ~*~*~tactically~*~*~ (hiding).
  6625 | D:8      | 6625 ||| Stepping ~*~*~tactically~*~*~ (hiding).
  6626 | D:8      | 6626 ||| Stepping ~*~*~tactically~*~*~ (hiding).
  6627 | D:8      | 6627 ||| Stepping ~*~*~tactically~*~*~ (hiding).
  6641 | D:8      | Reached XP level 10. HP: 63/63 MP: 13/13
  6642 | D:8      | 6642 ||| Stepping ~*~*~tactically~*~*~ (hiding).
  6643 | D:8      | 6643 ||| Stepping ~*~*~tactically~*~*~ (hiding).
  6645 | D:8      | 6645 ||| Stepping ~*~*~tactically~*~*~ (hiding).
  6646 | D:8      | 6646 ||| Stepping ~*~*~tactically~*~*~ (hiding).
  6779 | D:8      | 6779 ||| Stepping ~*~*~tactically~*~*~ (hiding).
  6835 | D:8      | 6835 ||| Stepping ~*~*~tactically~*~*~ (hiding).
  6837 | D:8      | 6837 ||| Stepping ~*~*~tactically~*~*~ (hiding).
  6845 | D:8      | 6845 ||| FLEEEEING.
  6849 | D:8      | 6849 ||| FLEEEEING.
  6850 | D:8      | 6850 ||| FLEEEEING.
  6851 | D:8      | 6851 ||| FLEEEEING.
  6852 | D:8      | 6852 ||| FLEEEEING.
  6853 | D:8      | 6853 ||| FLEEEEING.
  6874 | D:8      | 6874 ||| FLEEEEING.
  6955 | D:8      | 6955 ||| Stepping ~*~*~tactically~*~*~ (stealth).
  7049 | D:8      | 7049 ||| INVOKING Heroism.
  7071 | D:8      | Noticed a centaur warrior
  7078 | D:8      | Killed a centaur warrior
  7078 | D:8      | Reached *** piety under Okawaru
  7079 | D:8      | Reached skill level 10 in Axes
  7114 | D:8      | 7114 ||| INVOKING Heroism.
  7248 | D:8      | Reached skill level 6 in Armour
  7399 | D:8      | Noticed a two-headed ogre
  7400 | D:8      | 7400 ||| INVOKING Heroism.
  7405 | D:8      | Killed a two-headed ogre
  7405 | D:8      | Received a gift from Okawaru
  7515 | D:8      | 7515 ||| UPGRADING to +0 plate armour.
  7525 | D:8      | 7525 ||| DROPPING +0 chain mail.
  7526 | D:8      | 7526 ||| UPGRADING to ring of protection from cold.
  7527 | D:8      | 7527 ||| UPGRADING to +6 ring of strength.
  7529 | D:8      | 7529 ||| READING 2 scrolls labelled ZEECOK MOLUSTRU.
  7530 | D:8      | 7530 ||| READING 3 scrolls of identify.
  7530 | D:8      | 7530 ||| IDENTIFYING murky grey potion
  7531 | D:8      | 7531 ||| READING 2 scrolls of identify.
  7531 | D:8      | 7531 ||| IDENTIFYING glowing green potion
  7532 | D:8      | 7532 ||| DROPPING scroll of fear.
  7570 | D:9      | 7570 ||| INVOKING Heroism.
  7596 | D:9      | 7596 ||| INVOKING Heroism.
  7622 | D:9      | Found a burning altar of Makhleb.
  7623 | D:9      | Found a white marble altar of Elyvilon.
  7689 | D:9      | 7689 ||| INVOKING Heroism.
  7744 | D:9      | 7744 ||| Stepping ~*~*~tactically~*~*~ (hiding).
  7746 | D:9      | 7746 ||| Stepping ~*~*~tactically~*~*~ (hiding).
  7750 | D:9      | 7750 ||| Stepping ~*~*~tactically~*~*~ (hiding).
  7924 | D:9      | Found a snail-covered altar of Cheibriados.
  8046 | D:9      | 8046 ||| INVOKING Heroism.
  8267 | D:9      | Found a hazy altar of Hepliaklqana.
  8353 | D:9      | 8353 ||| UPGRADING to +4 ring of protection.
  8355 | D:9      | 8355 ||| DROPPING +6 ring of strength.
  8356 | D:9      | 8356 ||| READING scroll labelled VUCYOSKAPO.
  8390 | D:10     | Entered Level 10 of the Dungeon
  8390 | D:10     | Noticed a sun demon
  8391 | D:10     | 8391 ||| INVOKING Heroism.
  8400 | D:10     | Noticed a sun demon
  8402 | D:10     | Reached skill level 3 in Throwing
  8403 | D:10     | HP: 16/64 [sun demon (15)]
  8404 | D:10     | 8404 ||| DRINKING 2 potions of heal wounds.
  8408 | D:10     | 8408 ||| DRINKING potion of heal wounds.
  8408 | D:10     | HP: 11/64 [sun demon (19)]
  8411 | D:10     | Mangled by a sun demon

Levels and vault maps discovered:
D:1:      dpeg_arrival_three_smaller_balls, layout_loops_cross,
          minmay_misc_feat_ornament
D:2:      layout_basic, ebering_dispersal_statue_hall, amethyst_killhole,
          uniq_robin
D:3:      layout_basic, mainiacjoe_overflow_swirl, serial_shops, shop,
          gammafunk_ghost_split, hellmonk_no_cap
D:4:      layout_gridville, minmay_temple_entry_tees, kennysheep_orc_chapel
D:5:      layout_gridville, grunt_gozag_statues, enter_ossuary_4,
          minmay_statues_item, uniq_crazy_yiuf_cottage
D:6:      layout_cave_pools, uniq_menkaure
D:7:      layout_basic, nzn_wu_jian_contemplation, uniq_pikel
D:8:      cheibrodos_barr_body, layout_basic, serial_shops, shop
D:9:      layout_irregular_city, worldfamousw_hep_ancestral_shrine,
          mainiacjoe_overflow_boulevard, nicolae_overflow_squiral
D:10:     layout_roguey, kennysheep_mini, lair_entry_dummy, serial_demonic,
          serial_demonic_f, serial_demonic_d, serial_demonic_f,
          serial_demonic_c, serial_demonic_f, serial_demonic_f,
          lightli_wizard_tower
Temple:   hellmonk_temple_divided_pantheon

Skill      XL: |  1  2  3  4  5  6  7  8  9 10 |
---------------+-------------------------------+-----
Axes           | 2 3 4 5 6 7 8 9 10 | 10.5
Fighting       | 4 6 7 8 |  8.3
Dodging        | 1 |  1.0
Invocations    | 4 |  4.0
Armour         | 4 5 7 |  7.0
Throwing       | 2 3 |  3.2
Shields        | 5 |  5.6

Action                     |  1- 3 |  4- 6 |  7- 9 | 10-12 || total
---------------------------+-------+-------+-------+-------++-------
  Melee: War axe           |    73 |    65 |   274 |    84 ||   496
  Throw: Boomerang         |       |    26 |    17 |    11 ||    54
         Javelin           |       |       |    18 |    15 ||    33
 Invoke: Heroism           |       |       |    11 |     8 ||    19
    Use: Scroll            |     5 |     7 |    10 |     4 ||    26
         Potion            |       |     2 |     2 |     2 ||     6
 Armour: Scale mail        |    31 |    13 |       |       ||    44
         Chain mail        |       |    20 |   145 |    44 ||   209
         Plate armour      |       |       |       |    23 ||    23
  Dodge: Dodged            |    27 |    24 |    74 |    30 ||   155
  Block: Buckler           |    15 |     8 |    41 |    15 ||    79

Table legend:
 A = Non-vault XP
 B = Vault XP
 C = Vault XP percentage of total XP
 D = Non-vault monster count
 E = Vault monster count
 F = Vault count percentage of total count
                 A         B        C        D         E       F
            +---------+---------+-------+---------+---------+-------
      Total |    5219 |    3391 |  39.4 |     128 |      76 |  37.3
            +---------+---------+-------+---------+---------+-------
        D:1 |      11 |       0 |   0.0 |       8 |       0 |   0.0
        D:2 |      34 |      38 |  52.8 |      10 |      13 |  56.5
        D:3 |      47 |      79 |  62.7 |      10 |       3 |  23.1
        D:4 |      22 |      49 |  69.0 |       5 |       3 |  37.5
        D:5 |     444 |       2 |   0.4 |      10 |       2 |  16.7
        D:6 |    1305 |     172 |  11.6 |      28 |       1 |   3.4
        D:7 |    1070 |     641 |  37.5 |      19 |       1 |   5.0
        D:8 |    1497 |    1963 |  56.7 |      20 |      13 |  39.4
        D:9 |     789 |       0 |   0.0 |      18 |       0 |   0.0
       D:10 |       0 |     187 | 100.0 |       0 |       1 | 100.0
    Ossuary |       0 |     260 | 100.0 |       0 |      39 | 100.0
            +---------+---------+-------+---------+---------+-------
